 Dungeon Crawl Stone Soup version 0.22.0-40-g68aacdc4c8 (webtiles) character file.

105 4FPSwarrior the Ruffian (level 4, -1/35 HPs)
             Began as a Draconian Transmuter on Aug 31, 2018.
             Slain by Grinder (5 damage)
             ... on level 2 of the Dungeon.
             The game lasted 00:14:22 (3998 turns).

4FPSwarrior the Ruffian (Draconian Transmuter)      Turns: 3998, Time: 00:14:22

Health: -1/35      AC:  5    Str: 13    XL:     4   Next: 53%
Magic:  2/7        EV: 12    Int: 13    God:
Gold:   125        SH:  0    Dex: 12    Spells: 0/7 levels left

rFire    . . .     SeeInvis .     - Unarmed
rCold    . . .     Gourm    .   (no shield)
rNeg     . . .     Faith    .   (armour unavailable)
rPois    .         Spirit   .   (helmet restricted)
rElec    .         Reflect  .   (no cloak)
rCorr    .         Harm     .   (no gloves)
MR       .....                  (no boots)
Stlth    +.........             (no amulet)
HPRegen  0.11/turn              (no ring)
MPRegen  0.10/turn              (no ring)

@: very slightly contaminated
A: unfitting armour, cold-blooded, AC +5
a: no special abilities


You were on level 2 of the Dungeon.
You were not hungry.

You visited 1 branch of the dungeon, and saw 3 of its levels.

You collected 125 gold pieces.

Inventory:

Missiles
 a - 47 arrows
 d - 4 large rocks
 o - 109 stones (quivered)
 t - 21 sling bullets
Jewellery
 s - an uncursed ring of flight {unknown}
Scrolls
 g - a scroll of amnesia {unknown}
 i - a scroll of enchant armour {unknown}
 j - 3 scrolls of teleportation {unknown}
 k - a scroll of random uselessness {unknown}
 m - 2 scrolls of enchant weapon {unknown}
 n - a scroll of remove curse {unknown}
 u - a scroll of identify {unknown}
Potions
 b - 3 potions of curing {unknown}
 e - 3 potions of flight {unknown}
 f - a potion of invisibility {unknown}
 h - 2 potions of berserk rage {unknown}
 l - a potion of mutation {unknown}
 p - a potion of haste {unknown}
 q - 3 potions of might {unknown}
 r - a potion of brilliance {unknown}
Comestibles
 c - 7 rations


   Skills:
 - Level 1.1 Fighting
 - Level 1.7 Dodging
 * Level 5.3 Unarmed Combat
 - Level 2.0 Spellcasting
 + Level 2.1 Transmutations


You couldn't memorise any spells.
You knew the following spells:

 Your Spells              Type           Power        Failure   Level  Hunger
a - Beastly Appendage     Tmut           #.....       11%         1    ##.....
b - Ice Form              Ice/Tmut       #.......     86%         4    #####..
c - Sticks to Snakes      Tmut           #.......     16%         2    ###....

Your spell library contained the following spells:

 Spells                   Type           Power        Failure   Level  Hunger
 Spider Form              Tmut/Pois      #.........   45%         3    ####...
 Blade Hands              Tmut           #.........   96%         5    ######.


Dungeon Overview and Level Annotations

Branches:
Dungeon (3/15)

Altars:

Annotations:
D:2 Grinder


Innate Abilities, Weirdness & Mutations

Your plain brown scales are hard. (AC +5)
You cannot fit into any form of body armour.
You are cold-blooded and may be slowed by cold attacks.


Message History

Pain shoots through your body!
* * * LOW HITPOINT WARNING * * *
Your ball python bites Grinder but does no damage.
Your ball python constricts Grinder.
Grinder struggles to blink free from constriction.
Your ball python bites Grinder but does no damage.
Your ball python constricts Grinder.
There is an open door here.
Grinder blinks free!
You close the door.
Grinder opens the door.
Grinder hits your ball python.
Your ball python writhes in agony.
Your ball python dies!
Really walk into that teleport trap?
You enter a teleport trap!
The teleport trap disappears.
Your surroundings seem slightly different.
Grinder hits you.
* * * LOW HITPOINT WARNING * * *
You writhe in agony.
You die...

#####...####..§.S...5#.#....##.#.
#..## ##..>....##.#.........
#.########..)..###.........##
#.##......#...## #####.#####
#.##.####.##'## #.# #.##.#
#.##.#########.#
#.##.####.##...........#
#.)....##.##5###########
####.#.#....@....#
#.#.#.......#.# #.#.#..#...##.#
#.§...[##.###.# ###.......# #.#
###.##### #.# #.#######.#
#.........# ###########


You could see Grinder.

Vanquished Creatures
  4 adders
  2 worms (D:3)
  2 dart slugs
  A leopard gecko (D:2)
  11 bats
  2 giant cockroaches (D:2)
  2 goblins
  8 hobgoblins
  6 jackals
  5 kobolds
  2 quokkas
  2 ball pythons
  4 frilled lizards
  8 rats
59 creatures vanquished.

Notes
Turn   | Place    | Note
-------+----------+-------------------------------------------
     0 | D:1      | 4FPSwarrior the Draconian Transmuter began the quest for the Orb.
     0 | D:1      | Reached XP level 1. HP: 16/16 MP: 3/3
   455 | D:1      | Reached XP level 2. HP: 23/23 MP: 3/5
   964 | D:2      | Reached skill level 4 in Unarmed Combat
  1224 | D:2      | Reached XP level 3. HP: 28/28 MP: 4/6
  2392 | D:3      | Noticed an ogre
  2577 | D:3      | Reached XP level 4. HP: 33/35 MP: 5/7
  2637 | D:3      | Reached skill level 5 in Unarmed Combat
  2929 | D:2      | Learned a level 4 spell: Ice Form
  2932 | D:2      | Learned a level 2 spell: Sticks to Snakes
  3958 | D:3      | Noticed Grinder
  3958 | D:3      | Paralysed by Grinder for 3 turns
  3998 | D:2      | Slain by Grinder

Skill      XL: |  1  2  3  4 |
---------------+-------------+-----
Unarmed Combat | 4 5 |  5.3
Fighting       | |  1.1
Dodging        | |  1.7
Spellcasting   | |  2.0
Transmutations | |  2.1

Action                   |  1- 3 |  4- 6 || total
-------------------------+-------+-------++-------
Melee: Unarmed           |   145 |    50 ||   195
       Kick              |    13 |     6 ||    19
       Headbutt          |     2 |     2 ||     4
       Tailslap          |    10 |     5 ||    15
       Punch             |       |     1 ||     1
Throw: Stone             |    15 |     8 ||    23
 Cast: Beastly Appendage |    30 |    12 ||    42
       Sticks to Snakes  |       |     5 ||     5
 Stab: Sleeping          |     2 |       ||     2
  Eat: Chunk             |     6 |     2 ||     8
       Ration            |       |     1 ||     1
Armor: Skin              |    51 |     8 ||    59
Dodge: Dodged            |   111 |    43 ||   154
